 Dungeon Crawl Stone Soup version 0.20-a0-876-g2c7b0bf (webtiles) character file.

6211 qpzil the Cleaver (level 10, -6/101 HPs)
             Began as a Minotaur Berserker on Mar 15, 2017.
             Was a High Priest of Trog.
             Killed from afar by an electric eel (12 damage)
             ... with a bolt of electricity
             ... on level 10 of the Dungeon.
             The game lasted 00:20:25 (9470 turns).

qpzil the Cleaver (Minotaur Berserker)              Turns: 9470, Time: 00:20:26

Health: -6/101     AC:  8    Str: 24    XL:     10   Next: 61%
Magic:  9/9        EV:  6    Int:  4    God:    Trog [*****.]
Gold:   492        SH: 12    Dex: 11    Spells: 9/9 levels left

rFire    . . .     SeeInvis .   N - +0 war axe
rCold    + . .     Gourm    .   e - +0 ring mail
rNeg     . . .     Faith    .   P - +0 large shield
rPois    .         Spirit   .   (helmet restricted)
rElec    .         Reflect  .   C - +0 cloak
rCorr    .         Harm     .   j - +1 pair of gloves
MR       +....                  (no boots)
Stlth    +.........             (no amulet)
Regen    0.3/turn               H - ring of protection from magic
MPRegen  0.2/turn               p - ring of protection from cold

@: very slightly contaminated, studying Maces & Flails
A: retaliatory headbutt, horns 2
a: Berserk, Trog's Hand, Brothers in Arms, Burn Spellbooks, Renounce Religion


You were on level 10 of the Dungeon.
You worshipped Trog.
Trog was extremely pleased with you.
You were not hungry.

You visited 2 branches of the dungeon, and saw 11 of its levels.
You also visited: Sewer.

You collected 596 gold pieces.
You spent 104 gold pieces at shops.

Inventory:

Hand Weapons
 a - a +1 hand axe
 J - a +3 hand axe
 N - a +0 war axe (weapon)
 T - a +0 battleaxe
Missiles
 u - 6 curare-tipped needles
Armour
 e - a +0 ring mail (worn)
 j - a +1 pair of gloves (worn)
 C - a +0 cloak (worn)
 P - a +0 large shield (worn)
Jewellery
 p - a ring of protection from cold (left hand)
 H - a ring of protection from magic (right hand)
Wands
 s - a wand of lightning (15/15)
 v - a wand of clouds (5/9)
 w - a wand of scattershot (1/9)
 D - a wand of scattershot (2/9)
 F - a wand of lightning (8/15)
 L - a wand of confusion (30/48)
 O - a wand of iceblast (3/15)
 Q - a wand of polymorph (5/24)
 R - a wand of flame (20/48)
Scrolls
 b - 7 scrolls of remove curse
 d - 2 scrolls of recharging
 h - a scroll of fog
 l - 4 scrolls of enchant weapon
 n - 4 scrolls of enchant armour
 r - 4 scrolls of teleportation
 z - a scroll of magic mapping
 A - a scroll of fear
Potions
 g - 5 potions of might
 k - 7 potions of curing
 m - 2 potions of brilliance
 o - a potion of resistance {unknown}
 q - a potion of lignification
 t - a potion of mutation {unknown}
 x - 2 potions of heal wounds
 B - a potion of magic
 E - a potion of berserk rage {unknown}
 I - 2 potions of cancellation {unknown}
Books
 S - a manual of Maces & Flails
Comestibles
 c - 7 bread rations
 f - 9 meat rations
 i - 3 royal jellies


   Skills:
 * Level 13.2 Fighting
 + Level 13.9 Axes
 - Level 2.4 Armour
 - Level 2.1 Dodging


You had 9 spell levels left.
You didn't know any spells.

Dungeon Overview and Level Annotations

Branches:
Dungeon (10/15)            Temple (1/1) D:5
   Lair: D:8-11         Orc: D:9-12

Altars:
Ashenzari
Cheibriados
Dithmenos
Elyvilon
Fedhas
Gozag
Hepliaklqana
Kikubaaqudgha
Makhleb
Nemelex Xobeh
Okawaru
Qazlal
Ru
Sif Muna
Trog
Uskayaw
Vehumet
Wu Jian
Xom
Yredelemnul
Zin
The Shining One

Shops:
D:4 !


Innate Abilities, Weirdness & Mutations

You reflexively headbutt those who attack you in melee.
You have a pair of horns on your head.


Message History

The yak is heavily wounded.
Your surroundings suddenly seem different.
An orc comes into view.
The orc shouts!
An orc warrior and a crimson imp come into view.
The crimson imp shouts!
The orc warrior shouts!
You hear a shout!
An orc comes into view. It is wielding a flail.
You block the crimson imp's attack.
The orc warrior moves out of view.
You closely miss the crimson imp. The crimson imp hits you.
* * * LOW HITPOINT WARNING * * *
You barely miss the crimson imp. The crimson imp barely misses you.
As you read the scroll of teleportation, it crumbles to dust.
You feel strangely unstable. The crimson imp closely misses you.
Your surroundings suddenly seem different.
The yak bellows! x2
The electric eel shoots out a bolt of lightning at you!
The bolt of electricity hits you!
* * * LOW HITPOINT WARNING * * *
The bolt of electricity hits you!
You die...

### ..## #### =
#..###.Y## #.
#.#.###Y# #..
##.††...## ....
#..#<##..#
###..#..<##<..#
#.......#....##
#....≈.@Y≈.Y..#
#≈≈≈≈≈≈≈≈≈≈≈≈≈≈≈
≈≈≈≈≈≈#≈≈≈≈≈≈≈≈≈
≈≈≈≈≈≈≈≈≈≈;≈≈≈≈≈
≈≈≈≈≈≈≈≈≈≈≈≈≈≈≈≈
≈≈≈≈≈≈≈≈≈≈≈≈≈≈≈≈
≈≈≈≈≈≈≈≈≈≈≈≈≈≈;
≈≈≈≈≈≈≈≈≈≈≈≈≈≈≈


You could see 2 yaks and 2 electric eels.

Vanquished Creatures
  A two-headed ogre (D:9)
  A troll (D:9)
  A hippogriff (D:7)
  A spriggan (D:7)
  4 yaks (D:10)
  A steam dragon (D:9)
  2 orc warriors (D:9)
  A sky beast (D:8)
  2 ice beasts
  Purgy (Sewer)
  A black bear (D:6)
  7 ogres
  2 phantoms
  2 necrophages
  4 centaurs
  4 big kobolds
  4 bullfrogs
  3 scorpions
  5 killer bees (D:7)
  An electric eel (D:6)
  3 crimson imps
  A quasit (D:9)
  A centaur zombie (D:8)
  3 jellies
  6 orc priests
  4 hounds
  6 orc wizards
  A centaur skeleton (D:5)
  7 worker ants
  2 bullfrog skeletons
  4 iguanas
  2 hound zombies
  2 worker ant zombies
  16 adders
  3 gnolls (D:6)
  2 shadow imps
  2 adder skeletons
  3 worms
  A dart slug (D:5)
  6 leopard geckos
  21 orcs
  5 giant cockroaches
  4 goblins
  5 hobgoblins
  10 jackals
  5 quokkas
  6 ball pythons
  7 bats
  5 frilled lizards
  52 kobolds
  A leopard gecko skeleton (D:4)
  A quokka skeleton (D:5)
  A quokka zombie (D:9)
  6 rats
252 creatures vanquished.

Notes
Turn   | Place    | Note
-------+----------+-------------------------------------------
     0 | D:1      | qpzil the Minotaur Berserker began the quest for the Orb.
     0 | D:1      | Reached XP level 1. HP: 19/19 MP: 0/0
   307 | D:1      | Reached XP level 2. HP: 26/26 MP: 1/1
   952 | D:2      | Reached skill level 5 in Axes
   952 | D:2      | Reached XP level 3. HP: 29/31 MP: 2/2
  1275 | D:2      | Reached ** piety under Trog
  1487 | D:2      | Reached XP level 4. HP: 33/39 MP: 3/3
  1777 | D:3      | Reached XP level 5. HP: 33/45 MP: 4/4
  2407 | D:3      | Found a sacrificial altar of Ru.
  2639 | D:3      | Found a snail-covered altar of Cheibriados.
  2639 | D:3      | Found a hide-covered altar of Uskayaw.
  2858 | D:4      | Reached *** piety under Trog
  2972 | D:4      | Reached XP level 6. HP: 22/51 MP: 5/5
  3344 | D:4      | Found Yfawil's Distillery.
  3353 | D:4      | Bought a potion of curing for 39 gold pieces
  3353 | D:4      | Bought a potion of heal wounds for 65 gold pieces
  3741 | D:5      | Entered Level 5 of the Dungeon
  3751 | D:5      | Found a glowing drain.
  3770 | Sewer    | Entered a sewer
  3785 | Sewer    | Noticed Purgy
  3791 | Sewer    | Killed Purgy
  3791 | Sewer    | Reached XP level 7. HP: 47/57 MP: 6/6
  3941 | D:5      | Reached skill level 10 in Axes
  3970 | D:5      | Found a shimmering altar of Xom.
  4003 | D:5      | Reached **** piety under Trog
  4466 | D:5      | Reached XP level 8. HP: 35/66 MP: 7/7
  4634 | D:5      | Found a staircase to the Ecumenical Temple.
  4653 | Temple   | Entered the Ecumenical Temple
  4951 | D:5      | Reached skill level 5 in Fighting
  6023 | D:6      | Reached XP level 9. HP: 72/81 MP: 8/8
  6248 | D:6      | Reached ***** piety under Trog
  6839 | D:7      | Reached skill level 10 in Fighting
  7358 | D:7      | Found a basalt altar of Yredelemnul.
  7626 | D:7      | Found a stormy altar of Qazlal.
  8240 | D:8      | Reached XP level 10. HP: 59/96 MP: 9/9
  9049 | D:9      | Noticed a two-headed ogre
  9053 | D:9      | Killed a two-headed ogre
  9067 | D:9      | Found a shattered altar of Ashenzari.
  9431 | D:10     | Entered Level 10 of the Dungeon
  9470 | D:10     | Killed from afar by an electric eel

Vault maps used:
D:1:      dpeg_arrival_signposts
D:2:      serial_co_window_serial, co_window_of_opportunity_a,
          co_window_of_opportunity_a, co_window_corner_a, co_window_corner_a,
          co_window_corner_a, co_window_of_opportunity_b, co_window_broadway_a,
          co_window_cross_2, co_window_corner_b, co_window_of_opportunity_c,
          co_window_sun, glass_columns_b, glass_columns_b, glass_columns_a,
          glass_columns_a
D:3:      gammafunk_temple_overflow_elements, first_bread,
          nicolae_ru_sacrificial_ziggurat
D:4:      serial_shops, shop, grunt_ministairs_6, grunt_decor_arrowhead
D:5:      brannock_xom_greatest_gift, minmay_temple_entry_statues_pillars,
          portal_sewer_entry_a
D:6:      minmay_goblin_kobold_castle
D:7:      lemuel_coloured_pillars_altar, the_bakery,
          nicolae_qazlal_style_of_elements
D:9:      ashenzari_altar_1
D:10:     erik_rubicon_a, minmay_misc_feat_iff, corexii_leaking_fountain
Temple:   dpeg_five_rooms_temple
Sewer:    sewer_co_purgy_island

Skill      XL: |  1  2  3  4  5  6  7  8  9 10 |
---------------+-------------------------------+-----
Axes           | 4 5 6 8 9 11 12 13 | 13.9
Fighting       | 4 8 11 13 | 13.2
Armour         | |  2.4
Dodging        | |  2.1

Action                   |  1- 3 |  4- 6 |  7- 9 | 10-12 || total
-------------------------+-------+-------+-------+-------++-------
Melee: Hand axe          |    73 |   180 |   335 |       ||   588
       Headbutt          |    12 |    22 |    86 |    23 ||   143
       War axe           |       |       |    54 |    90 ||   144
Invok: Berserk           |       |     2 |     1 |     1 ||     4
       Burn Spellbooks   |       |       |     2 |       ||     2
Evoke: Wand              |       |       |     1 |       ||     1
  Use: Scroll            |       |     8 |       |    10 ||    18
       Potion            |       |     1 |     1 |     3 ||     5
  Eat: Chunk             |     2 |     9 |    13 |     3 ||    27
       Royal jelly       |       |       |     1 |     1 ||     2
Armor: Animal skin       |     1 |       |       |       ||     1
       Ring mail         |    27 |    73 |   116 |    17 ||   233
Dodge: Dodged            |    57 |    82 |   157 |    17 ||   313
Block: Buckler           |       |       |    22 |       ||    22
       Large shield      |       |       |    15 |    59 ||    74
